 Dungeon Crawl Stone Soup version 0.22.1-6-g1668fe2 (webtiles) character file.

116 Marihumana the Twirler (level 4, 0/34 HPs)
             Began as a Demonspawn Gladiator on Jan 21, 2019.
             Killed by divine providence
             ... invoked by an orc priest
              (12 damage)
             ... on level 3 of the Dungeon.
             The game lasted 00:04:40 (2361 turns).

Marihumana the Twirler (Demonspawn Gladiator)       Turns: 2361, Time: 00:04:41

Health: 0/34       AC:  9    Str: 14    XL:     4   Next: 70%
Magic:  0/4        EV: 13    Int: 10    God:
Gold:   68         SH:  0    Dex: 15    Spells: 3/3 levels left

rFire    + . .     SeeInvis .   t - +3 quarterstaff (chaos)
rCold    . . .     Gourm    .   (shield currently unavailable)
rNeg     . . .     Faith    .   b - +0 leather armour
rPois    .         Spirit   +   c - +0 helmet
rElec    .         Reflect  .   u - +0 cloak
rCorr    .         Harm     .   (no gloves)
MR       .....                  q - +1 pair of boots
Stlth    +.........             (no amulet)
HPRegen  0.11/turn              n - ring of protection from fire
MPRegen  0.09/turn              (no ring)

@: no status effects
A: icy blue scales 1, magic shield, rot immunity
a: no special abilities


You were on level 3 of the Dungeon.
You were not hungry.

You visited 1 branch of the dungeon, and saw 3 of its levels.

You collected 68 gold pieces.

Inventory:

Hand Weapons
 a - a +0 quarterstaff
 t - a +3 quarterstaff of chaos (weapon)
Missiles
 d - 3 throwing nets (quivered)
Armour
 b - a +0 leather armour (worn)
 c - a +0 helmet (worn)
 o - a +0 shield
 q - a +1 pair of boots (worn)
 u - a +0 cloak (worn)
Jewellery
 n - a ring of protection from fire (left hand)
Scrolls
 e - 6 scrolls of remove curse {unknown}
 h - 4 scrolls of identify {unknown}
 j - 2 scrolls of random uselessness {unknown}
 k - a scroll of fear {unknown}
 l - 2 scrolls of teleportation {unknown}
 m - a scroll of magic mapping {unknown}
 p - a scroll of amnesia {unknown}
 r - a scroll of fog {unknown}
 x - a scroll of immolation {unknown}
Potions
 g - 2 potions of curing {unknown}
 i - a potion of might {unknown}
 s - a potion of brilliance {unknown}
 v - a potion of degeneration {unknown}
Comestibles
 f - 3 rations


   Skills:
 + Level 2.3 Fighting
 + Level 4.3 Staves
 - Level 1.7 Throwing
 + Level 3.2 Dodging
 + Level 0.7 Stealth


You had 3 spell levels left.
You didn't know any spells.
Your spell library was empty.

Dungeon Overview and Level Annotations

Branches:
Dungeon (3/15)

Altars:


Innate Abilities, Weirdness & Mutations

You are partially covered in icy blue scales. (AC +2)
When hurt, damage is shared between your health and your magic reserves.
You are immune to rotting.


Message History

The orc priest calls down the wrath of Beogh upon you.
Beogh smites you!
You hit the kobold.
The kobold appears confused.
The kobold is heavily wounded.
You sock the kobold! You burn the kobold.
You kill the kobold!
You closely miss the orc priest.
The orc priest invokes the aid of Beogh against you.
Beogh smites you!
You hit the orc priest.
The orc priest is moderately wounded.
The orc priest looks encouraged for a moment.
You closely miss the orc priest.
The orc priest is moderately wounded.
The orc priest hits you with a dagger.
You closely miss the orc priest.
The orc priest is moderately wounded.
The orc priest mumbles some strange prayers to Beogh against you.
Beogh smites you!
You die...

#.##.......#......#..
#.##.......########..
#..'.......# ###
####.....[.# #####
####.......# #....
#..........# #.###
#.#####+#### #.#
#.#####.# #.#
#...@o..# #.#
######..# #.# ..# #.#
..# #.# o.# #.# ..#
#.# ..# #.# ..# #.#
#.#


You could see an orc priest.

Vanquished Creatures
  Crazy Yiuf (D:2)
  3 adders
  2 oozes
  A worm (D:2)
  A dart slug (D:1)
  2 leopard geckos
  3 orcs (D:3)
  4 giant cockroaches
  6 goblins
  2 hobgoblins (D:2)
  9 kobolds
  2 quokkas
  3 bats
  A frilled lizard (D:2)
  5 rats
45 creatures vanquished.

Notes
Turn   | Place    | Note
-------+----------+-------------------------------------------
     0 | D:1      | Marihumana the Demonspawn Gladiator began the quest for the
                  | Orb.
     0 | D:1      | Reached XP level 1. HP: 16/16 MP: 1/1
    95 | D:1      | Reached skill level 3 in Staves
    95 | D:1      | Gained mutation: When hurt, damage is shared between your
                  | health and your magic reserves. [demonic ancestry]
    95 | D:1      | Reached XP level 2. HP: 20/22 MP: 2/2
   882 | D:2      | Gained mutation: You are partially covered in icy blue
                  | scales. (AC +2) [demonic ancestry]
   882 | D:2      | Reached XP level 3. HP: 26/27 MP: 3/3
  1371 | D:2      | Found a runed door.
  1375 | D:2      | Noticed Crazy Yiuf
  1385 | D:2      | Killed Crazy Yiuf
  1385 | D:2      | Gained mutation: You are immune to rotting. [demonic
                  | ancestry]
  1385 | D:2      | Reached XP level 4. HP: 14/33 MP: 1/4
  1802 | D:2      | Reached skill level 4 in Staves
  2361 | D:3      | Killed from afar by an orc priest

Skill      XL: |  1  2  3  4 |
---------------+-------------+-----
Staves         | 3 4 |  4.3
Dodging        | 3 |  3.2
Fighting       | |  2.3
Throwing       | |  1.7
Stealth        | |  0.7

Action                   |  1- 3 |  4- 6 || total
-------------------------+-------+-------++-------
Melee: Quarterstaff      |    77 |    44 ||   121
 Stab: Sleeping          |     1 |     3 ||     4
  Eat: Chunk             |     1 |       ||     1
       Ration            |       |     1 ||     1
Armor: Leather armour    |    14 |     9 ||    23
Dodge: Dodged            |    48 |    22 ||    70
